 Dungeon Crawl Stone Soup version 0.28-a0-1143-gcf6077d4cc (webtiles) character file.

Game seed: 10311414203195992949

822 avis the Ruffian (level 7, -11/57 HPs)
             Began as a Hill Orc Transmuter on Dec 13, 2021.
             Was a Follower of Beogh.
             Mangled by Duvessa (20 damage)
             ... on level 5 of the Dungeon on Dec 14, 2021.
             The game lasted 00:33:15 (7994 turns).

avis the Ruffian (Hill Orc Transmuter)              Turns: 7994, Time: 00:33:16

Health: -11/57     AC:  2    Str: 17    XL:     7   Next: 95%
Magic:  17/17      EV: 12    Int: 21    God:    Beogh [*.....]
Gold:   413        SH:  0    Dex: 11    Spells: 2/12 levels left

rFire   . . .      SeeInvis .   a - +6 Majin-Bo {vamp, MP+6 Int+6}
rCold   . . .      Faith    .   (shield currently unavailable)
rNeg    + . .      Spirit   .   K - +0 robe
rPois   .          Reflect  .   (helmet currently unavailable)
rElec   +          Harm     .   (no cloak)
rCorr   .          Rampage  .   (no gloves)
Will    .....                   (boots currently unavailable)
Stlth   +.........              (no amulet)
HPRegen 0.19/turn               m - ring of positive energy
MPRegen 0.15/turn               (no ring)

@: appendages
A: horns 2, talons 2, claws 1, clever 1, electricity resistance, strong 1, no
potion heal 1
a: End Transformation, Renounce Religion


You were on level 5 of the Dungeon.
You worshipped Beogh.
Beogh was aware of your devotion.
You had temporarily grown beastly horns and talons.
You visited 1 branch of the dungeon, and saw 5 of its levels.
You also visited: Sewer.

You collected 413 gold pieces.

Inventory:

Hand Weapons
 a - the +6 Majin-Bo (weapon) {vamp, MP+6 Int+6}
   (You found it on level 5 of the Dungeon)

   It occasionally heals its wielder for a portion of the damage dealt when they
   wound a living foe with it or with a spell.
   Its wielder's spells cost health as well as magical power.
   Int:       It affects your intelligence (+6).
   MP:        It affects your magic capacity (+6).
 b - a +0 hunting sling
 f - a +0 spear
 q - a +1 dagger of flaming
 w - a +0 dagger of venom
 y - a +0 spear
 A - a +0 spear
 B - a +1 spear of flaming
 G - a +0 war axe
 H - a +2 dagger of venom
Missiles
 c - 27 bolts
 e - 103 arrows
 n - 9 boomerangs
 r - 15 poisoned darts (quivered)
 t - 139 stones
Armour
 k - a +0 ring mail
 l - a +0 chain mail
 s - a +0 pair of boots (melded)
 x - a +0 chain mail
 E - a +0 chain mail
 F - a +0 chain mail
 I - a +0 leather armour
 K - a +0 robe (worn)
 R - a +0 tower shield
Magical Staves
 Q - a staff of fire
Jewellery
 m - a ring of positive energy (left claw)
Wands
 D - a wand of charming (2)
Scrolls
 d - a scroll of magic mapping {unknown}
 g - a scroll of immolation {unknown}
 h - 4 scrolls of teleportation {unknown}
 i - 2 scrolls of identify
 j - 3 scrolls of fear {unknown}
 o - a scroll of holy word {unknown}
 v - a scroll of noise {unknown}
 C - a scroll of amnesia {unknown}
 L - a scroll of acquirement {unknown}
 M - 2 scrolls of summoning {unknown}
 N - 3 scrolls of enchant armour {unknown}
 P - a scroll of enchant weapon {unknown}
Potions
 p - a potion of cancellation
 u - a potion of curing
 z - a potion of brilliance {unknown}
 J - 5 potions of flight
 O - a potion of heal wounds {unknown}


   Skills:
 - Level 3.0 Fighting
 - Level 1.5 Dodging
 - Level 7.0 Unarmed Combat
 - Level 3.0 Spellcasting
 - Level 3.0 Transmutations
 * Level 0.0 Ice Magic
 - Level 2.0 Poison Magic
 - Level 3.0 Invocations


You had 2 spell levels left.
You knew the following spells:

 Your Spells              Type           Power      Damage    Failure   Level
a - Beastly Appendage     Tmut           30%        N/A       3%          1
e - Wereblood             Tmut           15%        N/A       6%          2
p - Spider Form           Tmut/Pois      13%        N/A       14%         3
q - Ice Form              Ice/Tmut       9%         N/A       56%         4

Your spell library contained the following spells:

 Spells                   Type           Power      Damage    Failure   Level
 Animate Skeleton         Necr           6%         N/A       13%         1
 Apportation              Tloc           6%         N/A       13%         1
 Summon Small Mammal      Summ           12%        N/A       13%         1
 Alistair's Intoxication  Tmut/Pois      8%         N/A       78%         5
 Borgnjor's Vile Clutch   Necr/Erth      1%         N/A       98%         5
 Eringya's Noxious Bog    Tmut/Pois      6%         N/A       100%        6


Dungeon Overview and Level Annotations

Branches:
Dungeon (5/15)              Sewer (visited)
 Temple: D:4-7

Altars:

Annotations:
D:4 3 runed translucent doors, runemasterragnar's ghost, amateur DDNe
D:5 Duvessa


Innate Abilities, Weirdness & Mutations

You have temporarily grown beastly horns and talons.
You have sharp fingernails.
Your mind is acute. (Int +2)
You are resistant to electric shocks. (rElec)
Your muscles are strong. (Str +2)
Potions are less effective at restoring your health.


Message History

Magic restored.
You hear a zap.
You hear a grinding noise.
Found a +0 whip.
Found a dagger.
Found a dagger.
Duvessa, Sister of Dowan comes into view.
She is wielding a +2 short sword of holy wrath and carrying a wand of digging (4).
Duvessa shouts!
Duvessa goes berserk!
Casting: Spider Form (dangerous; 14% risk of failure)
Confirm with . or Enter, or press ? or * to list all spells.
You grow a pair of large bovine horns.
Your feet morph into talons.
Your +0 pair of boots melds into your body.
You sock Duvessa!
You feel better.
You claw Duvessa, but do no damage. You headbutt Duvessa, but do no damage.
Duvessa is lightly wounded.
Duvessa hits you with a +2 short sword of holy wrath!
Duvessa closely misses you.
You sock Duvessa!
You feel better.
Your headbutt misses Duvessa.
Duvessa is moderately wounded.
Duvessa hits you with a +2 short sword of holy wrath!
Duvessa barely misses you.
You hit Duvessa.
You feel better.
Your kick misses Duvessa. You headbutt Duvessa.
Duvessa is moderately wounded.
Duvessa hits you with a +2 short sword of holy wrath!
Duvessa hits you with a +2 short sword of holy wrath.
You closely miss Duvessa.
Duvessa is moderately wounded.
Duvessa barely misses you.
Duvessa hits you with a +2 short sword of holy wrath!
You hit Duvessa. Your kick misses Duvessa.
Duvessa is heavily wounded.
Duvessa hits you with a +2 short sword of holy wrath!!
* * * LOW HITPOINT WARNING * * *
Duvessa barely misses you.
Okay, then.
You sock Duvessa!
You feel better.
You headbutt Duvessa.
Duvessa is severely wounded.
Duvessa hits you with a +2 short sword of holy wrath!!
You die...

## #####...............# ##.
# #...............# #. #
#...............# #.
#................ #.
#................# ##.
###########................#
#.. ........................
#.. ........................
#.. ...#######......@.......
... #### ##......e.)....
.... #............. ....
##....)....... .....
#.....)...... .....
#............ #............
# #...........# ## #......


You could see Duvessa (berserk).

Vanquished Creatures
  An ice beast (D:5)
  A black bear (D:5)
  An ogre (D:4)
  A scorpion (D:5)
  A water moccasin zombie (D:5)
  Dowan (D:5)
  A howler monkey (D:5)
  A hound (D:4)
  A jelly (D:5)
  A centaur skeleton (D:4)
  An iguana (D:5)
  4 adders
  5 gnolls
  2 ufetubi
  2 adder skeletons (D:4)
  4 worms
  13 dart slugs
  10 orcs
  12 bats
  9 endoplasms
  4 giant cockroaches
  11 goblins
  4 hobgoblins
  7 jackals
  7 quokkas
  12 ball pythons
  3 frilled lizards
  A kobold (D:4)
  12 rats
133 creatures vanquished.

Vanquished Creatures (others)
  An orc priest (D:5)
  2 orcs (D:5)
3 creatures vanquished.

Grand Total: 136 creatures vanquished

Notes
Turn   | Place    | Note
-------+----------+-------------------------------------------
     0 | D:1      | avis the Hill Orc Transmuter began the quest for the Orb.
     0 | D:1      | Reached XP level 1. HP: 16/16 MP: 3/3
   594 | D:1      | Reached XP level 2. HP: 23/23 MP: 4/4
   855 | D:1      | Reached skill level 4 in Unarmed Combat
   917 | D:1      | Found a faded altar of an unknown god.
  1611 | D:2      | Reached XP level 3. HP: 18/28 MP: 5/5
  1991 | D:2      | You fall into a shaft and drop 2 floors!
  2353 | D:2      | Reached skill level 5 in Unarmed Combat
  2835 | D:2      | Reached XP level 4. HP: 8/36 MP: 6/6
  3929 | D:3      | Gained mutation: Potions are less effective at restoring
                  | your health. [potion of mutation]
  3929 | D:3      | Gained mutation: You have sharp fingernails. [potion of
                  | mutation]
  3929 | D:3      | Gained mutation: You have hidden genetic potential. [potion
                  | of mutation]
  3929 | D:3      | Gained mutation: You are resistant to electric shocks.
                  | (rElec) [potion of mutation]
  4320 | D:4      | Reached XP level 5. HP: 40/41 MP: 7/7
  4325 | D:4      | Found a runed translucent gate.
  4325 | D:4      | Found a runed translucent gate.
  4325 | D:4      | Found a runed translucent gate.
  4341 | D:4      | Noticed runemasterragnar's ghost (amateur DDNe)
  4408 | D:4      | Reached skill level 6 in Unarmed Combat
  4507 | D:4      | Gained mutation: Your mind is acute. (Int +2) [hidden
                  | potential]
  4670 | D:4      | Noticed an ogre
  4689 | D:4      | Killed an ogre
  4690 | D:4      | Reached skill level 7 in Unarmed Combat
  4690 | D:4      | Reached XP level 6. HP: 28/50 MP: 8/8
  4724 | D:4      | Learned a level 2 spell: Wereblood
  4728 | D:4      | Learned a level 3 spell: Spider Form
  4827 | D:4      | Upgraded the game from 0.28-a0-1130-gc51a68064b to
                  | 0.28-a0-1143-gcf6077d4cc
  4894 | D:4      | Gained mutation: Your muscles are strong. (Str +2) [hidden
                  | potential]
  4894 | D:4      | Lost mutation: You have hidden genetic potential. [hidden
                  | potential expressed]
  4941 | D:4      | Reached skill level 1 in Poison Magic
  5997 | D:5      | Entered Level 5 of the Dungeon
  6204 | D:5      | Became a worshipper of Beogh the Brigand
  6290 | D:5      | Reached XP level 7. HP: 15/57 MP: 9/9
  6334 | D:5      | Found the +6 Majin-Bo {vamp, MP+6 Int+6}
  6594 | D:5      | Found a glowing drain.
  6616 | Sewer    | Entered a sewer
  6881 | Sewer    | Reached * piety under Beogh
  7051 | Sewer    | Learned a level 4 spell: Ice Form
  7277 | D:5      | Reached skill level 1 in Invocations
  7764 | D:5      | Noticed Dowan
  7775 | D:5      | Killed Dowan
  7986 | D:5      | Noticed Duvessa
  7993 | D:5      | HP: 1/57 [Duvessa (21)]
  7994 | D:5      | Mangled by Duvessa

Illustrated notes

Levels and vault maps discovered:
D:1:      tarquinn_simple_flora_water_a, layout_basic,
          ebering_ecumenical_altar_box
D:2:      minmay_general_purpose_star, layout_basic
D:3:      layout_rooms, corexii_leaking_fountain, minmay_splitting_lines,
          serial_park_tiny_1
D:4:      kennysheep_slugbush, layout_loops_corners, gammafunk_ghost_necromancy,
          minmay_cupped
D:5:      layout_layer_cave, portal_sewer_entry_a, uniq_duvessa

Skill      XL: |  1  2  3  4  5  6  7 |
---------------+----------------------+-----
Unarmed Combat | 4 5 7 |  7.0
Fighting       | 2 3 |  3.0
Poison Magic   | 2 |  2.0
Transmutations | 2 3 |  3.0
Spellcasting   | 3 |  3.0
Invocations    | 3 |  3.0
Dodging        | |  1.5

Action                   |  1- 3 |  4- 6 |  7- 9 || total
-------------------------+-------+-------+-------++-------
Melee: Unarmed           |   128 |   197 |    10 ||   335
       Punch             |     2 |     3 |       ||     5
       Kick              |       |    16 |    12 ||    28
       Headbutt          |       |     9 |     9 ||    18
       Quarterstaff      |       |       |    86 ||    86
 Fire: Hunting sling     |       |    12 |       ||    12
Throw: Boomerang         |     2 |       |       ||     2
       Dart              |       |     1 |       ||     1
 Cast: Beastly Appendage |       |    17 |    12 ||    29
       Spider Form       |       |       |     3 ||     3
Invok: Convert to Beogh  |       |     1 |       ||     1
  Use: Potion            |       |     3 |     1 ||     4
       Scroll            |       |     3 |     1 ||     4
 Stab: Sleeping          |     1 |       |       ||     1
Armor: Robe              |     9 |     7 |    35 ||    51
       Chain mail        |     6 |    72 |       ||    78
       Ring mail         |     4 |       |       ||     4
       Skin              |       |     3 |       ||     3
Dodge: Dodged            |    48 |    84 |   105 ||   237

Table legend: (Time is in decaauts)
 A = Elapsed time spent in this place.
 B = Non-inter-level travel time spent in this place.
 C = Inter-level travel time spent in this place.
 D = Time resting spent in this place.
 E = Time spent auto-exploring this place.
 F = Levels seen in this place.
 G = Mean time per level.
                   A        B        C        D        E       F      G
               +--------+--------+--------+--------+--------+-----+--------+
         Total |   8137 |   7814 |    323 |   2537 |   3232 |   6 | 1356.2 |
       Dungeon |   7513 |   7190 |    323 |   2537 |   3129 |   5 | 1502.6 |
         Sewer |    623 |    623 |      0 |      0 |    102 |   1 |  623.0 |
               +--------+--------+--------+--------+--------+-----+--------+

Top non-repeatable levels by time:
     D:4: 1986 daAuts
     D:1: 1688 daAuts
     D:2: 1579 daAuts
     D:5: 1371 daAuts
     D:3: 888 daAuts
   Sewer: 623 daAuts
